 Dungeon Crawl Stone Soup version 0.21.1-1-g345015f (webtiles) character file.

99 asishallab the Ruffian (level 4, -2/40 HPs)
             Began as a Troll Transmuter on May 13, 2018.
             Was a Follower of Qazlal.
             Slain by bmj180's ghost (4 damage)
             ... on level 3 of the Dungeon.
             The game lasted 00:04:53 (1893 turns).

asishallab the Ruffian (Troll Transmuter)           Turns: 1893, Time: 00:04:53

Health: -2/40      AC:  5    Str: 18    XL:     4   Next: 45%
Magic:  5/5        EV: 10    Int:  9    God:    Qazlal [*.....]
Gold:   112        SH:  2    Dex: 11    Spells: 5/6 levels left

rFire    x . .     SeeInvis .     - Unarmed
rCold    + . .     Gourm    +   (no shield)
rNeg     . . .     Faith    .   b - +0 robe
rPois    .         Spirit   .   (helmet restricted)
rElec    .         Reflect  .   (no cloak)
rCorr    .         Harm     .   (gloves unavailable)
MR       .....                  (boots unavailable)
Stlth    +.........             (no amulet)
HPRegen  0.53/turn              h - ring of ice
MPRegen  0.09/turn              (no ring)

@: no status effects
A: large, unfitting armour, claws 3, fast metabolism 3, gourmand, regeneration
1, shaggy fur 1, tough skin 2
a: Renounce Religion


You were on level 3 of the Dungeon.
You worshipped Qazlal.
Qazlal was aware of your devotion.
You were very full.

You visited 1 branch of the dungeon, and saw 3 of its levels.

You collected 112 gold pieces.

Inventory:

Hand Weapons
 r - a +0 hunting sling
Missiles
 a - 88 arrows
 f - 61 stones (quivered)
Armour
 b - a +0 robe (worn)
Jewellery
 h - a ring of ice (left claw)
Scrolls
 e - a scroll of immolation {unknown}
 k - a scroll of noise {unknown}
 m - a scroll of enchant weapon {unknown}
 n - a scroll of teleportation {unknown}
 o - 3 scrolls of remove curse {unknown}
 q - 4 scrolls of identify {unknown}
 s - a scroll of magic mapping {unknown}
Potions
 g - 2 potions of haste {unknown}
 i - a potion of ambrosia {unknown}
 j - a potion of agility {unknown}
 l - 2 potions of brilliance {unknown}
 p - a potion of heal wounds {unknown}
 t - a potion of flight {unknown}
Books
 c - a book of Changes

   Spells                             Type                      Level
   a - Beastly Appendage              Transmutation                1
   b - Sticks to Snakes               Transmutation                2
   c - Spider Form                    Transmutation/Poison         3
   d - Ice Form                       Ice/Transmutation            4
   e - Blade Hands                    Transmutation                5
Comestibles
 d - 4 rations


   Skills:
 - Level 0.7 Fighting
 + Level 2.3 Dodging
 + Level 3.6 Unarmed Combat
 + Level 1.8 Spellcasting
 + Level 2.1 Transmutations


You had 5 spell levels left.
You knew the following spells:

 Your Spells              Type           Power        Failure   Level  Hunger
a - Beastly Appendage     Tmut           #.....       14%         1    ##.....


Dungeon Overview and Level Annotations

Branches:
Dungeon (3/15)

Altars:
Qazlal

Annotations:
D:3 bmj180's ghost, amateur DECj


Innate Abilities, Weirdness & Mutations

You are too large for most types of armour.
You have claws for hands.
Your metabolism is lightning-fast.
You like to eat raw meat.
Your natural rate of healing is unusually fast.
You are covered in fur. (AC +1)
You have very tough skin. (AC +2)


Message History

You are too injured to fight recklessly!
You are too injured to fight recklessly!
You are too injured to fight recklessly!
You are too injured to fight recklessly!
You are too injured to fight recklessly!
You are too injured to fight recklessly!
You are too injured to fight recklessly!
You are too injured to fight recklessly!
You completely miss bmj180's ghost.
Bmj180's ghost is moderately damaged.
Bmj180's ghost hits you but does no damage.
You barely miss bmj180's ghost.
Bmj180's ghost is moderately damaged.
Bmj180's ghost hits you but does no damage.
You are electrocuted!
* * * LOW HITPOINT WARNING * * *
You scratch bmj180's ghost.
Bmj180's ghost is heavily damaged.
Bmj180's ghost hits you.
You die...

##...?.....#
..........#
.........
.......
..... ...
#W# #@#
##†###
#....#
#.)#......
#)<#######
#..# #..#
#..# #..#


You could see bmj180's ghost.

Vanquished Creatures
  2 adders (D:2)
  2 oozes
  An adder zombie (D:2)
  6 worms (D:2)
  2 dart slugs
  A leopard gecko (D:3)
  4 orcs (D:3)
  2 giant cockroaches
  6 goblins
  4 hobgoblins
  3 jackals (D:1)
  3 bats (D:1)
  2 frilled lizards
  2 kobolds (D:1)
  4 rats
44 creatures vanquished.

Notes
Turn   | Place    | Note
-------+----------+-------------------------------------------
     0 | D:1      | asishallab the Troll Transmuter began the quest for the Orb.
     0 | D:1      | Reached XP level 1. HP: 18/18 MP: 1/1
   151 | D:1      | Reached XP level 2. HP: 26/26 MP: 3/3
   977 | D:2      | Reached XP level 3. HP: 23/32 MP: 4/4
  1461 | D:2      | Found a faded altar of an unknown god.
  1477 | D:2      | Became a worshipper of Qazlal Stormbringer
  1477 | D:2      | Reached * piety under Qazlal
  1576 | D:2      | Reached XP level 4. HP: 40/40 MP: 5/5
  1884 | D:3      | Noticed bmj180's ghost (amateur DECj)
  1892 | D:3      | HP: 2/40 [bmj180's ghost (19)]
  1893 | D:3      | Slain by bmj180's ghost

Skill      XL: |  1  2  3 |
---------------+----------+-----
Dodging        | 2 |  2.3
Transmutations | 2 |  2.1
Fighting       | |  0.7
Unarmed Combat | |  3.6
Spellcasting   | |  1.8

Action                   |  1- 3 |  4- 6 || total
-------------------------+-------+-------++-------
Melee: Unarmed           |    99 |    38 ||   137
       Punch             |     1 |       ||     1
 Stab: Sleeping          |     1 |       ||     1
  Eat: Chunk             |    19 |     3 ||    22
Armor: Robe              |    39 |    10 ||    49
Dodge: Dodged            |    36 |    16 ||    52
Block: Other             |     1 |     2 ||     3
